 Dungeon Crawl Stone Soup version 0.29-a0-834-g1e95ca9f62 (webtiles) character file.

Game seed: 18231759749289526406

55 Sabo the Shield-Bearer (level 4, -14/37 HPs)
             Began as a Formicid Fighter on July 12, 2022.
             Was a Follower of Qazlal.
             Killed from afar by Robin (22 damage)
             ... with a bolt of light
             ... on level 2 of the Dungeon.
             The game lasted 00:09:27 (2478 turns).

Sabo the Shield-Bearer (Formicid Fighter)           Turns: 2478, Time: 00:09:28

Health: -14/37     AC:  6    Str: 25    XL:     4   Next: 14%
Magic:  4/4        EV: 10    Int:  8    God:    Qazlal [*.....]
Gold:   123        SH:  7    Dex: 13    Spells: 3/3 levels left

rFire   . . .      SeeInvis +   a - +0 war axe
rCold   . . .      Faith    .   c - +0 buckler
rNeg    . . .      Spirit   .   p - +1 ring mail of Resonance {Str+3}
rPois   .          Reflect  .   (helmet unavailable)
rElec   .          Harm     .   (no cloak)
rCorr   .          Rampage  .   (no gloves)
Will    .....                   (no boots)
Stlth   +.........              (no amulet)
HPRegen 0.12/turn               (no ring)
MPRegen 0.09/turn               (no ring)

@: mighty
A: permanent stasis, dig shafts and tunnels, antennae 3, four strong arms
a: Dig, Shaft Self, Renounce Religion


You were on level 2 of the Dungeon.
You worshipped Qazlal.
Qazlal was aware of your devotion.
You visited 1 branch of the dungeon, and saw 2 of its levels.

You collected 123 gold pieces.

Inventory:

Hand Weapons
 a - a +0 war axe (weapon)
 g - a +0 sling
Armour
 b - a +0 scale mail
 c - a +0 buckler (worn)
 p - the +1 ring mail of Resonance (worn) {Str+3}
   (You found it on level 2 of the Dungeon)

   Str:       It affects your strength (+3).
Scrolls
 h - a scroll of silence {unknown}
 j - 2 scrolls of identify {unknown}
 k - a scroll of teleportation {unknown}
 l - a scroll of blinking {unknown}
 o - a scroll of vulnerability {unknown}
Potions
 e - a potion of ambrosia {unknown}
 f - a potion of heal wounds {unknown}
 i - 2 potions of curing {unknown}
 m - a potion of mutation {unknown}
 n - a potion of lignification {unknown}
 q - a potion of haste {unknown}


   Skills:
 + Level 4.0 Fighting
 + Level 2.4 Axes
 + Level 4.1 Armour
 + Level 0.2 Dodging
 + Level 4.2 Shields


You had 3 spell levels left.
You didn't know any spells.
Your spell library contained the following spells:

 Spells                   Type           Power      Damage    Failure   Level
 Stone Arrow              Conj/Erth      0%         3d7       94%         3
 Animate Armour           Summ/Erth      0%         N/A       100%        4
 Lehudib's Crystal Spear  Conj/Erth      0%         10d2      100%        8


Dungeon Overview and Level Annotations

Branches:
Dungeon (2/15)

Altars:
Qazlal

Shops:
D:2 (

Annotations:
D:2 Robin


Innate Abilities, Weirdness & Mutations

You cannot be hasted, slowed, berserked, paralysed or teleported.
You can dig through walls and to a lower floor.
You have a pair of large antennae on your head. (SInv)
Your four strong arms can wield two-handed weapons with a shield.


Message History

You kill the goblin!
Qazlal accepts your kill. The hobgoblin barely misses you.
You closely miss the hobgoblin.
The hobgoblin is lightly wounded.
You block the hobgoblin's attack.
A worm comes into view.
Robin hits you but does no damage.
The hobgoblin hits you but does no damage.
You hit the hobgoblin but do no damage.
The hobgoblin is lightly wounded.
Robin drinks a potion.
Robin seems to grow stronger.
You block the hobgoblin's attack.
You barely miss the hobgoblin.
Robin hits you from afar with a +0 spear.
The hobgoblin barely misses you.
You hit the hobgoblin.
You kill the hobgoblin!
Qazlal accepts your kill. Robin misses you. You block Robin's attack.
Robin hits you but does no damage.
Things that are here:
a +0 club; a +0 club; a goblin corpse You slash Robin!
Robin is heavily wounded.
You block Robin's attack.
You hit Robin but do no damage.
Robin is heavily wounded.
You hear a shout!
Robin zaps a wand.
The bolt of light hits you!!
Ouch! That really hurt!
* * * LOW HITPOINT WARNING * * *
A goblin comes into view. It is wielding a +0 dagger.
Robin roars a battlecry!
The goblin goes into a battle-frenzy!
You feel very mighty all of a sudden.
You hear a shout!
Robin zaps a wand.
The bolt of light hits you!!
Ouch! That really hurt!
You die...

.
####'######....
. #..........#
. #..........#
# #..........#
#..........#
###'######.#
...# #)# #####
#.# #@# # #g# #
#w# # {.g. #
#.# # { #.# #.#
..# #


You could see a worm, Robin (strong) and a goblin (strong).

Vanquished Creatures
  2 worms (D:2)
  2 dart slugs
  2 endoplasms
  3 giant cockroaches (D:1)
  8 goblins
  6 hobgoblins
  2 kobolds
  3 ball pythons
  5 bats (D:1)
  3 frilled lizards (D:1)
  7 rats
43 creatures vanquished.

Vanquished Creatures (others)
  A fungus (D:2)
  A plant (D:2)
2 creatures vanquished.

Grand Total: 45 creatures vanquished

Notes
Turn   | Place    | Note
-------+----------+-------------------------------------------
     0 | D:1      | Sabo the Formicid Fighter began the quest for the Orb.
     0 | D:1      | Reached XP level 1. HP: 18/18 MP: 1/1
   210 | D:1      | Reached XP level 2. HP: 24/24 MP: 2/2
   740 | D:1      | Reached XP level 3. HP: 30/30 MP: 3/3
  1777 | D:2      | Found a faded altar of an unknown god.
  1803 | D:2      | Prayed at the altar of an unknown god.
  1803 | D:2      | Became a worshipper of Qazlal Stormbringer
  1803 | D:2      | Reached * piety under Qazlal
  1829 | D:2      | Found Najiakum's Weapon Emporium.
  1930 | D:2      | Identified the +1 ring mail of Resonance {Str+3}
  2461 | D:2      | Reached XP level 4. HP: 37/37 MP: 4/4
  2466 | D:2      | Identified the -2 helmet "Meym" {rF+}
  2466 | D:2      | Noticed Robin
  2478 | D:2      | Killed from afar by Robin

Illustrated notes

Levels and vault maps discovered:
D:1:      dpeg_arrival_lava_temple_mockup, layout_loops_corners
D:2:      layout_basic, shapermc_ecumenical_altar_acropolis, serial_shops,
          nicolae_shop_hallway_plus, minmay_indecisive_spiral, uniq_robin,
          uniq_crazy_yiuf_cottage

Skill      XL: |  1  2  3 |
---------------+----------+-----
Fighting       | 4 |  4.0
Armour         | 4 |  4.1
Axes           | |  2.4
Dodging        | |  0.2
Shields        | |  4.2

Action                   |  1- 3 |  4- 6 || total
-------------------------+-------+-------++-------
Melee: War axe           |    97 |    14 ||   111
  Use: Potion            |       |     1 ||     1
Armor: Scale mail        |    56 |       ||    56
       Ring mail         |       |     4 ||     4
Dodge: Dodged            |    54 |     8 ||    62
Block: Buckler           |    19 |     5 ||    24

Table legend: (Time is in decaauts)
 A = Elapsed time spent in this place.
 B = Non-inter-level travel time spent in this place.
 C = Inter-level travel time spent in this place.
 D = Time resting spent in this place.
 E = Time spent auto-exploring this place.
 F = Levels seen in this place.
 G = Mean time per level.
                   A        B        C        D        E       F      G
               +--------+--------+--------+--------+--------+-----+--------+
         Total |   2526 |   2526 |      0 |    419 |      0 |   2 | 1263.0 |
       Dungeon |   2526 |   2526 |      0 |    419 |      0 |   2 | 1263.0 |
               +--------+--------+--------+--------+--------+-----+--------+

Top non-repeatable levels by time:
     D:2: 1358 daAuts
     D:1: 1168 daAuts
